 Dungeon Crawl Stone Soup version 0.29-a0-414-g5075937ec3 (webtiles) character file.

Game seed: 14989585974877997666

13765 dracfodder the Thaumaturge (level 12, -1/64 HPs)
             Began as a Gargoyle Earth Elementalist on May 14, 2022.
             Slain by an unseen horror (6 damage)
             ... on level 11 of the Dungeon on May 15, 2022.
             The game lasted 01:08:39 (12196 turns).

dracfodder the Thaumaturge (GrEE)                  Turns: 12196, Time: 01:08:40

Health: -1/64      AC: 18    Str: 13    XL:     12   Next: 9%
Magic:  35/46      EV: 12    Int: 25    God:
Gold:   616        SH:  0    Dex: 14    Spells: 18/36 levels left

rFire   x . .      SeeInvis .   b - +8 falchion of the Floral God {vorpal, rF- Int+5 Dex+4}
rCold   . . .      Faith    .   (no shield)
rNeg    + . .      Spirit   .   I - +0 troll leather armour
rPois   ∞          Reflect  .   (no helmet)
rElec   +          Harm     .   (no cloak)
rCorr   .          Rampage  .   x - +2 pair of gloves
Will    .....                   B - +1 pair of boots
Stlth   ++........              (no amulet)
HPRegen 1.00/turn               k - ring of magical power
MPRegen 0.30/turn               r - ring of magical power

@: marked, hasted, very quick
A: sickness immunity, AC +8, negative energy resistance 1, electricity
resistance, torment resistance 1, petrification resistance
a: no special abilities


You were on level 11 of the Dungeon.
You visited 1 branch of the dungeon, and saw 11 of its levels.
You also visited: Sewer.

You collected 616 gold pieces.

Inventory:

Hand Weapons
 a - a +5 hunting sling
 b - the +8 falchion of the Floral God (weapon) {vorpal, rF- Int+5 Dex+4}
   (You found it on level 7 of the Dungeon)

   It inflicts extra damage upon your enemies.
   Int:       It affects your intelligence (+5).
   Dex:       It affects your dexterity (+4).
   rF:        It makes you vulnerable to fire.
 l - a +2 dagger of holy wrath
 D - a +2 dagger of venom
Missiles
 e - 254 stones
 n - 2 throwing nets
Armour
 h - a +2 robe
 x - a +2 pair of gloves (worn)
 B - a +1 pair of boots (worn)
 I - a +0 troll leather armour (worn)
Jewellery
 k - a ring of magical power (left hand)
 p - a ring of fire
 r - a ring of magical power (right hand)
 s - a ring of flight
 y - a ring of see invisible
 H - a ring of wizardry
Wands
 m - a wand of acid (5)
 v - a wand of polymorph (12)
 E - a wand of digging (1)
 F - a wand of charming (12)
 J - a wand of flame (20)
Scrolls
 g - 2 scrolls of poison
 j - 2 scrolls of magic mapping
 q - 2 scrolls of summoning
 t - a scroll of fog
 z - 2 scrolls of fear
 A - 6 scrolls of identify
 K - a scroll of teleportation
Potions
 f - 3 potions of haste
 i - 5 potions of flight
 o - 2 potions of resistance
 u - a potion of ambrosia
 w - a potion of mutation {unknown}
 G - 2 potions of brilliance
 L - a potion of cancellation
 M - a potion of attraction {unknown}
Miscellaneous
 N - a phantom mirror


   Skills:
 + Level 3.3 Fighting
 + Level 1.5 Long Blades
 + Level 4.0 Slings
 + Level 3.1 Armour
 + Level 2.5 Dodging
 + Level 4.2 Stealth
 * Level 12.9 Spellcasting
 + Level 6.0 Conjurations
 + Level 0.7 Transmutations
 + Level 2.1 Fire Magic
 + Level 11.0 Earth Magic


You had 18 spell levels left.
You knew the following spells:

 Your Spells              Type           Power      Damage    Failure   Level
a - Sandblast             Erth           100%       2d20      1%          1
b - Passwall              Tmut/Erth      37%        N/A       1%          2
c - Stone Arrow           Conj/Erth      100%       3d13      1%          3
d - Petrify               Tmut/Erth      45%        N/A       4%          4
e - Foxfire               Conj/Fire      100%       2x1d9     1%          1
f - Conjure Flame         Conj/Fire      36%        6-21      2%          3
g - Flame Wave            Conj/Fire      36%        2d9       9%          4

Your spell library contained the following spells:

 Spells                   Type           Power      Damage    Failure   Level
 Magic Dart               Conj           100%       1d8       1%          1
 Searing Ray              Conj           92%        2d7       1%          2
 Beastly Appendage        Tmut           40%        N/A       3%          1
 Wereblood                Tmut           20%        N/A       4%          2
 Inner Flame              Hex/Fire       21%        N/A       9%          3
 Sticky Flame             Conj/Fire      36%        2d6       9%          4
 Ignite Poison            Fire/Tmut/Pois 20%        N/A       10%         3
 Spider Form              Tmut/Pois      18%        N/A       12%         3
 Gell's Gravitas          Tloc           16%        N/A       14%         3
 Lesser Beckoning         Tloc           16%        N/A       14%         3
 Teleport Other           Tloc           16%        N/A       14%         3
 Fulminant Prism          Conj/Hex       15%        3d11      14%         4
 Borgnjor's Revivificati  Necr           8%         N/A       100%        8
 Necromutation            Tmut/Necr      9%         N/A       100%        8
 Death's Door             Necr           8%         N/A       100%        9


Dungeon Overview and Level Annotations

Branches:
Dungeon (11/15)            Temple (0/1) D:6           Sewer (visited)
   Lair: D:8-11         Orc: D:9-12

Altars:
Ashenzari
Okawaru
Qazlal
Wu Jian
Zin
The Shining One

Shops:
D:4 *   D:9 *


Innate Abilities, Weirdness & Mutations

You are immune to sickness and miasma.
Your stone body is resilient. (AC +8)
You are immune to poison.
You resist negative energy. (rN+)
You are resistant to electric shocks. (rElec)
You are resistant to unholy torment.
You are immune to petrification.


Message History

Something hits you but does no damage. The bullfrog barely misses you.
Casting: Stone Arrow (safe; 1% risk of failure)
Confirm with . or Enter, or press ? or * to list all spells.
Casting: Flame Wave (dangerous; 9% risk of failure)
Press: ? - help, Dir - look around, f - activate A wave of flame ripples out!
The flame wave engulfs the bullfrog.
The bullfrog is heavily wounded.
The flame wave engulfs something! (Press . to intensify the flame waves.)
Something hits you but does no damage. Something hits you. x2
* * * LOW HITPOINT WARNING * * *
The bullfrog hits you but does no damage.
A bullfrog comes into view.
A wave of flame ripples out!
The flame wave engulfs the bullfrog!
You kill the bullfrog!
The flame wave engulfs something but does no damage.
The flame wave engulfs Harold!
You kill Harold!
Something hits you.
* * * LOW HITPOINT WARNING * * *
Something hits you but does no damage. x2
Your Conjurations skill increases to level 6!
Your Earth Magic skill increases to level 11!
A wave of flame ripples out!
The flame wave engulfs something.
The flame wave engulfs the bullfrog!
The bullfrog is heavily wounded.
The flame wave engulfs the bullfrog.
The bullfrog is lightly wounded.
You finish channelling waves of flame.
Something hits you but does no damage. x2
Something hits you.
* * * LOW HITPOINT WARNING * * *
Magic courses through your body. Something hits you!
* * * LOW HITPOINT WARNING * * *
Something hits you but does no damage.
The bullfrog hits you but does no damage.
Something hits you but does no damage.
The bullfrog hits you but does no damage.
The bullfrog closely misses you.
You feel yourself speed up. Something hits you.
You die...

##..≈≈≈≈≈.........#
#...≈≈≈≈≈...##....## ###
#...≈≈≈≈≈†.........# ###.###
#...≈............### ##...#.#
#..................###....:..
#...................#........
#############................
###F...............
##.@FF..<..####.#...
#..†................
#..)..#.............
###...##..#.†.......
#....#..###.......
.................<.#....
........................
........†...............
#..............#........


You could see 3 bullfrogs.

Vanquished Creatures
  Harold (D:11)
  A boulder beetle (D:10)
  Pikel (D:6)
  An ugly thing (D:8)
  A gargoyle (D:9)
  An unseen horror (D:7)
  Maggie (D:9)
  2 komodo dragons
  4 trolls
  Grinder (D:3)
  2 hornets
  A vampire (D:9)
  A wyvern (D:9)
  2 shadows (D:9)
  29 yaks
  Menkaure (D:7)
  An acid dragon (D:11)
  4 water moccasins
  Duvessa (D:7)
  2 black bears
  3 orc warriors
  An ogre (D:3)
  A centaur (D:9)
  A phantom (D:6)
  4 bullfrogs
  3 necrophages (D:6)
  3 gnoll sergeants
  2 scorpions
  8 wights
  Dowan (D:7)
  3 killer bees
  3 howler monkeys
  3 hounds
  2 jellies
  Crazy Yiuf (D:6)
  3 orc priests
  2 gnoll shamans
  Jessica (D:3)
  2 iguanas
  10 orc wizards
  21 gnolls
  9 adders
  4 white imps
  2 worms (D:2)
  A dart slug (D:1)
  31 orcs
  8 ball pythons
  5 endoplasms
  4 giant cockroaches
  6 goblins
  8 hobgoblins
  A jackal (Sewer)
  6 quokkas
  4 bats
  3 frilled lizards
  A kobold (D:4)
  4 rats
233 creatures vanquished.

Vanquished Creatures (others)
  An unseen horror (D:9)
  130 foxfires
  25 fungi (D:11)
  28 plants (D:11)
184 creatures vanquished.

Grand Total: 417 creatures vanquished

Notes
Turn   | Place    | Note
-------+----------+-------------------------------------------
     0 | D:1      | dracfodder the Gargoyle Earth Elementalist began the quest
                  | for the Orb.
     0 | D:1      | Reached XP level 1. HP: 10/10 MP: 3/3
   200 | D:1      | Reached XP level 2. HP: 15/15 MP: 0/5
   626 | D:1      | Learned a level 2 spell: Passwall
   952 | D:1      | Found a faded altar of an unknown god.
  1245 | D:2      | Reached XP level 3. HP: 19/19 MP: 4/6
  1397 | D:2      | Learned a level 3 spell: Stone Arrow
  2013 | D:2      | Reached skill level 5 in Earth Magic
  2045 | D:2      | Reached XP level 4. HP: 24/24 MP: 8/8
  2320 | D:3      | Noticed Jessica
  2324 | D:3      | Reached skill level 1 in Slings
  2328 | D:3      | Killed Jessica
  2329 | D:3      | Reached skill level 3 in Spellcasting
  2380 | D:3      | Reached XP level 5. HP: 25/28 MP: 9/9
  2492 | D:3      | Noticed a water moccasin
  2496 | D:3      | Killed a water moccasin
  2497 | D:3      | Reached XP level 6. HP: 33/33 MP: 11/11
  2506 | D:3      | Learned a level 4 spell: Petrify
  2541 | D:3      | Reached skill level 4 in Spellcasting
  3062 | D:3      | Noticed Grinder
  3081 | D:3      | Killed Grinder
  3082 | D:3      | Reached skill level 5 in Spellcasting
  3082 | D:3      | Reached XP level 7. HP: 35/37 MP: 14/14
  3191 | D:4      | Reached skill level 1 in Fighting
  3205 | D:4      | Found a glowing golden altar of the Shining One.
  3387 | D:4      | Found a glowing silver altar of Zin.
  3596 | D:4      | Found Iprinoli's Gadget Gallery.
  3773 | D:5      | Entered Level 5 of the Dungeon
  3798 | D:5      | Found a glowing drain.
  3814 | Sewer    | Entered a sewer
  3876 | Sewer    | Reached skill level 1 in Conjurations
  4087 | D:5      | Reached XP level 8. HP: 42/43 MP: 16/16
  4389 | D:5      | Found a broken altar of Ashenzari.
  4444 | D:5      | Reached skill level 6 in Spellcasting
  4772 | D:5      | Learned a level 1 spell: Foxfire
  4776 | D:5      | Learned a level 3 spell: Conjure Flame
  4781 | D:5      | Learned a level 4 spell: Flame Wave
  5358 | D:6      | Found a stormy altar of Qazlal.
  5435 | D:6      | Found a staircase to the Ecumenical Temple.
  5511 | D:6      | Reached skill level 7 in Spellcasting
  5743 | D:6      | Reached XP level 9. HP: 45/48 MP: 20/20
  5976 | D:6      | Found a runed translucent door.
  5976 | D:6      | Noticed Pikel
  5976 | D:6      | Noticed Crazy Yiuf
  6022 | D:6      | Killed Crazy Yiuf
  6026 | D:6      | Killed Pikel
  6027 | D:6      | Reached skill level 8 in Spellcasting
  6122 | D:7      | Noticed Dowan
  6125 | D:7      | Noticed Duvessa
  6130 | D:7      | Killed Duvessa
  6132 | D:7      | Killed Dowan
  6153 | D:7      | Identified the +8 falchion of the Floral God {vorpal, rF-
                  | Int+5 Dex+4}
  6320 | D:7      | Noticed Menkaure
  6323 | D:7      | Killed Menkaure
  6432 | D:7      | Noticed an unseen horror
  6438 | D:7      | Killed an unseen horror
  6439 | D:7      | Reached skill level 9 in Spellcasting
  7069 | D:8      | Noticed a cyan ugly thing
  7076 | D:8      | Killed a cyan ugly thing
  7077 | D:8      | Reached XP level 10. HP: 35/53 MP: 23/23
  8069 | D:8      | Reached skill level 10 in Spellcasting
  9128 | D:9      | Reached skill level 1 in Fire Magic
  9439 | D:9      | Noticed a gargoyle
  9448 | D:9      | Noticed an unseen horror
  9451 | D:9      | Killed an unseen horror
  9452 | D:9      | Reached skill level 10 in Earth Magic
  9573 | D:9      | Killed a gargoyle
  9574 | D:9      | Reached skill level 11 in Spellcasting
  9577 | D:9      | Reached XP level 11. HP: 60/60 MP: 19/26
  9881 | D:9      | Noticed Maggie
  9888 | D:9      | Killed Maggie
  9956 | D:9      | Found Nyeqibro's Elemental Accessories.
 10084 | D:9      | Reached skill level 5 in Conjurations
 10599 | D:9      | Upgraded the game from 0.29-a0-409-gd843f3a48c to
                  | 0.29-a0-414-g5075937ec3
 10616 | D:10     | Entered Level 10 of the Dungeon
 10689 | D:10     | Found an iron altar of Okawaru.
 10734 | D:10     | Reached skill level 1 in Armour
 11003 | D:10     | Found an ornate altar of the Wu Jian Council.
 11080 | D:10     | Reached skill level 1 in Long Blades
 11214 | D:10     | Reached skill level 12 in Spellcasting
 11848 | D:11     | Noticed a boulder beetle
 11903 | D:10     | Killed a boulder beetle
 12093 | D:11     | Reached XP level 12. HP: 64/64 MP: 28/28
 12171 | D:11     | Noticed Harold
 12193 | D:11     | Killed Harold
 12196 | D:11     | Slain by an unseen horror

Illustrated notes

Levels and vault maps discovered:
D:1:      dpeg_arrival_rhombus, layout_loops_corners,
          shapermc_ecumenical_altar_notcrosses, kennysheep_another_room
D:2:      layout_basic
D:3:      layout_rooms, feat_on_display, uniq_jessica, uniq_grinder
D:4:      layout_rooms, overflow_temple_1_default, zin_academy,
          nicolae_shop_gadgets
D:5:      layout_loops_cross, evilmike_ruin_ashenzari,
          cheibrodos_sewer_entry_drain, grunt_ministairs_9,
          minmay_misc_feat_rows, nicolae_figureground_pulse
D:6:      layout_cave_pools, lemuel_doored_altar,
          minmay_temple_entry_antechambers, minmay_fractal_squares_gapless_5,
          uniq_crazy_yiuf_cottage, uniq_pikel
D:7:      layout_basic, chequers_avenue, uniq_menkaure, uniq_duvessa
D:8:      layout_basic, nzn_random_ring
D:9:      layout_gridville, nicolae_elemental_shop, minmay_misc_feat_doors,
          minmay_starry_boxes, uniq_maggie
D:10:     layout_basic, pdpol_wu_jian_five_deadly_venoms, okawaru_trees_2,
          nicolae_twisting_strands
D:11:     layout_cave_pools, due_lair_maze_entry_diamond, david_orc_4,
          serial_ice, serial_ice_h, serial_ice_n, serial_ice_f, serial_ice_d,
          portal_ice_cave_entry_animals_and_master,
          kennysheep_decorative_pillar, fungi_pond_lemuel, uniq_harold

Skill      XL: |  1  2  3  4  5  6  7  8  9 10 11 12 |
---------------+-------------------------------------+-----
Earth Magic    | 4 5 6 7 9 10 11 | 11.0
Slings         | 1 2 3 4 |  4.0
Spellcasting   | 3 5 7 9 11 12 | 12.9
Fighting       | 1 2 3 |  3.3
Conjurations   | 1 2 4 5 6 |  6.0
Stealth        | 3 4 |  4.2
Dodging        | 2 |  2.5
Fire Magic     | 1 2 |  2.1
Armour         | 3 |  3.1
Long Blades    | 1 |  1.5
Transmutations | |  0.7

Action                   |  1- 3 |  4- 6 |  7- 9 | 10-12 || total
-------------------------+-------+-------+-------+-------++-------
Melee: Dagger            |       |       |     5 |       ||     5
       Falchion          |       |       |       |    50 ||    50
       Punch             |       |       |       |     1 ||     1
 Fire: Hunting sling     |    47 |    35 |    43 |     8 ||   133
 Cast: Sandblast         |    39 |    45 |    27 |    57 ||   168
       Stone Arrow       |     6 |     4 |    99 |   133 ||   242
       Petrify           |       |       |     1 |       ||     1
       Foxfire           |       |       |    24 |    49 ||    73
       Flame Wave        |       |       |       |     2 ||     2
       Conjure Flame     |       |       |       |     1 ||     1
  Use: Scroll            |     4 |       |    17 |     8 ||    29
       Potion            |       |       |     2 |     5 ||     7
 Stab: Sleeping          |       |       |       |     1 ||     1
Armor: Robe              |     2 |     1 |     9 |    45 ||    57
       Troll leather arm |       |       |       |    64 ||    64
Dodge: Dodged            |     5 |    11 |    28 |   119 ||   163

Table legend: (Time is in decaauts)
 A = Elapsed time spent in this place.
 B = Non-inter-level travel time spent in this place.
 C = Inter-level travel time spent in this place.
 D = Time resting spent in this place.
 E = Time spent auto-exploring this place.
 F = Levels seen in this place.
 G = Mean time per level.
                   A        B        C        D        E       F      G
               +--------+--------+--------+--------+--------+-----+--------+
         Total |  12269 |  11886 |    383 |   2976 |   7127 |  12 | 1022.4 |
       Dungeon |  12070 |  11687 |    383 |   2976 |   6996 |  11 | 1097.3 |
         Sewer |    199 |    199 |      0 |      0 |    131 |   1 |  199.0 |
               +--------+--------+--------+--------+--------+-----+--------+

Top non-repeatable levels by time:
     D:9: 2151 daAuts
    D:10: 1431 daAuts
     D:7: 1299 daAuts
     D:2: 1195 daAuts
     D:6: 1161 daAuts
     D:1: 1147 daAuts
     D:8: 1056 daAuts
     D:5: 1003 daAuts
     D:3: 877 daAuts
     D:4: 591 daAuts
   Sewer: 199 daAuts
    D:11: 156 daAuts
